Map: Odyssey LE

Players

DnS

  • Race: Protoss Protoss
  • League: Grandmaster
  • Spawn Location: 11:00

FeaR - Winner!

  • Race: Protoss Protoss
  • League: Master
  • Spawn Location: 5:00

Event: HomeStory Cup XVI

VOD

Have the link to the VOD?

Description

Time

  • Played on: Nov. 10, 2017, 4:19 p.m.
  • Length: 9:06

All games in this series

Show
View Real Time Build Order
Export as new Build Order

DnS Protoss 

Build Orders:  

Get SALT Encoding   

  12  0:02  Probe (Chrono Boost)  
  14  0:14  Probe (Chrono Boost)  
  14  0:16  Pylon  
  14  0:25  Probe (Chrono Boost)  
  15  0:31  Probe (Chrono Boost)  
  15  0:40  Gateway, Probe (Chrono Boost)  
  17  0:46  Assimilator  
  17  0:53  Probe (Chrono Boost)  
  17  0:55  Assimilator  
  19  1:04  Probe (Chrono Boost)  
  19  1:07  Gateway  
  19  1:10  Probe (Chrono Boost)  
  20  1:19  Probe (Chrono Boost)  
  21  1:27  Cybernetics Core  
  21  1:32  Probe (Chrono Boost)  
  22  1:35  Pylon  
  22  1:44  Warp Gate, Probe (Chrono Boost)  
  23  2:03  Stalker x2  
  23  2:08  Pylon  
  27  2:33  Stalker x2  
  31  2:37  Pylon  
  31  2:48  Gateway  
  31  2:56  Gateway  
  31  3:03  Stalker x2  
  35  3:08  Shield Battery  
  35  3:32  Pylon  
  33  3:51  Stalker x4  
  41  3:59  Pylon  
  40  4:23  Stalker x4  
  42  4:46  Sentry  
  42  4:47  Sentry x2  
  42  4:48  Stalker  
  42  4:52  Probe (Chrono Boost)  
  51  4:59  Pylon  
  51  5:04  Probe (Chrono Boost)  
  52  5:15  Shield Battery  
  52  5:16  Adept  
  52  5:17  Adept  
  55  5:22  Probe (Chrono Boost)  
  53  5:29  Probe (Chrono Boost)  
  53  5:48  Robotics Facility  
  54  5:50  Probe (Chrono Boost)  
  55  6:05  Probe (Chrono Boost)  
  55  6:15  Probe (Chrono Boost)  
  55  6:17  Nexus  
  55  6:21  Probe (Chrono Boost)  
  57  6:27  Probe (Chrono Boost)  
  58  6:33  Phoenix  
  58  6:36  Immortal  
  56  6:43  Probe (Chrono Boost)  
  56  6:45  Shield Battery  
  57  6:50  Pylon  
  58  6:55  Probe (Chrono Boost)  
  58  6:56  Sentry  
  60  7:01  Sentry  
  60  7:02  Immortal  
  66  7:25  Sentry  
  66  7:34  Stalker x2  
  66  7:47  Immortal  
  58  7:54  Sentry  
  57  8:08  Stalker x2  
  52  8:23  Zealot  
  52  8:39  Stalker  
  44  9:02  Stalker x3  
Show
View Real Time Build Order
Export as new Build Order

FeaR Protoss - Winner!

Build Orders:  

Get SALT Encoding   

  12  0:02  Probe (Chrono Boost)  
  14  0:14  Probe (Chrono Boost)  
  14  0:17  Pylon  
  14  0:25  Probe (Chrono Boost)  
  15  0:31  Probe (Chrono Boost)  
  15  0:36  Gateway  
  15  0:40  Probe (Chrono Boost)  
  17  0:52  Assimilator  
  17  0:53  Probe (Chrono Boost)  
  17  0:56  Assimilator  
  18  1:02  Probe (Chrono Boost)  
  19  1:08  Gateway, Probe (Chrono Boost)  
  20  1:19  Probe (Chrono Boost)  
  20  1:24  Cybernetics Core  
  21  1:31  Probe (Chrono Boost)  
  22  1:33  Pylon  
  22  1:40  Warp Gate  
  22  1:43  Probe (Chrono Boost)  
  24  1:55  Probe (Chrono Boost)  
  24  2:00  Stalker x2  
  28  2:07  Probe (Chrono Boost)  
  29  2:13  Pylon  
  29  2:19  Probe (Chrono Boost)  
  30  2:31  Stalker x2  
  34  2:41  Pylon  
  35  2:44  Probe (Chrono Boost)  
  35  3:01  Stalker x2  
  39  3:21  Pylon  
  39  3:23  Nexus  
  39  3:42  Pylon  
  40  3:49  Stalker x2  
  40  3:53  Pylon  
  43  4:00  Robotics Facility  
  43  4:12  Stalker x2  
  42  4:24  Shield Battery  
  41  4:33  Pylon  
  41  4:36  Sentry x2  
  45  4:46  Robotics Bay  
  45  4:47  Warp Prism  
  47  4:59  Adept x2  
  50  5:03  Pylon  
  50  5:16  Pylon  
  50  5:23  Disruptor  
  50  5:36  Probe (Chrono Boost)  
  50  5:49  Disruptor  
  50  5:51  Zealot x2  
  54  5:57  Shield Battery  
  54  5:58  Gateway x2  
  57  6:14  Zealot x2  
  61  6:28  Disruptor  
  64  6:39  Stalker  
  66  6:40  Stalker  
  68  6:53  Nexus  
  68  6:56  Probe (Chrono Boost)  
  68  6:58  Pylon  
  70  7:08  Probe (Chrono Boost)  
  70  7:18  Stalker x2  
  72  7:28  Stalker  
  74  7:34  Stalker  
  76  7:55  Stalker  
  76  7:58  Pylon  
  76  8:00  Pylon  
  77  8:13  Adept, Probe (Chrono Boost)  
  77  8:15  Probe (Chrono Boost)  
  78  8:25  Probe (Chrono Boost)  
  75  8:29  Probe (Chrono Boost)  
  76  8:38  Adept x2  
  80  8:44  Stalker  
  80  8:47  Probe (Chrono Boost)  
  73  9:02  Stalker x3  
Tags
 
Add a new tag
Caveats
  • Supply blocks, unpowered buildings, or Contaminate may cause inaccurate times.
  • Supply counts are checked every 10 seconds.